 Dungeon Crawl Stone Soup version 0.19.1 (console) character file.

537 bgiannan the Skirmisher (level 7, -3/66 HPs)
             Began as a Minotaur Fighter on Dec 12, 2016.
             Slain by a yak (12 damage)
             ... on level 4 of the Dungeon on Dec 15, 2016.
             The game lasted 00:07:52 (2696 turns).

bgiannan the Skirmisher (Minotaur Fighter)          Turns: 2696, Time: 00:07:53

Health: -3/66      AC:  9    Str: 22    XL:     7   Next: 5%
Magic:  6/6        EV:  5    Int:  5    God:
Gold:   183        SH:  9    Dex: 10    Spells: 0 memorised, 6 levels left

rFire  . . .     SeeInvis .     a - +0 war axe
rCold  . . .     Gourm    .     k - +0 chain mail
rNeg   . . .     Faith    .     c - +0 shield
rPois  .         Spirit   .     (helmet restricted)
rElec  .         Reflect  .     (no cloak)
rCorr  .         Harm     .     (no gloves)
MR     .....                    (no boots)
Stlth  ..........               (no amulet)
                                (no ring)
                                (no ring)

@: no status effects
A: retaliatory headbutt, horns 2
a: no special abilities


You were on level 4 of the Dungeon.
You were not hungry.

You visited 1 branch of the dungeon, and saw 4 of its levels.

You collected 183 gold pieces.

Inventory:

Hand Weapons
 a - a +0 war axe (weapon)
Armour
 c - a +0 shield (worn)
 k - a +0 chain mail (worn)
Wands
 d - a wand of lightning (4/15)
Scrolls
 e - a scroll of teleportation
 i - 3 scrolls of fear
 p - a scroll of remove curse
Comestibles
 b - 4 chunks of flesh
 f - 3 bread rations
 g - a royal jelly
 h - a meat ration


   Skills:
 + Level 7.6 Fighting
 + Level 6.4 Axes
 - Level 3.6 Armour
 - Level 3.6 Shields


You had 6 spell levels left.
You didn't know any spells.

Dungeon Overview and Level Annotations

Branches:
Dungeon (4/15)
 Temple: D:4-7

Altars:
Ashenzari
Vehumet


Innate Abilities, Weirdness & Mutations

You reflexively headbutt those who attack you in melee.
You have a pair of horns on your head.


Message History

You are too injured to fight recklessly!
You are too injured to fight recklessly!
You hit the yak.
The yak is moderately wounded.
Your chain mail prevents you from hitting the yak.
The yak gores you but does no damage. The yak gores you.
You hit the yak.
The yak is moderately wounded.
You closely miss the yak. You hit the yak. The yak completely misses you.
You furiously retaliate!
You headbutt the yak! You block the yak's attack.
The yak gores you but does no damage. The yak gores you.
The yak barely misses you. You furiously retaliate!
You headbutt the yak!
Found a stone staircase leading up.
You see here a short sword.
You hit the yak.
The yak is heavily wounded.
The yak gores you!
* * * LOW HITPOINT WARNING * * *
The yak gores you!
You die... ∙∙∙∙Y∙)[∙∙∙∙∙∙∙

∙∙∙∙▒∙∙∙▒∙∙∙ ▒∙▒∙▒∙▒∙▒∙▒▒▒
▒∙▒∙▒ ▒∙∙∙∙∙▒ ∙∙∙ ▒∙∙∙∙∙▒ ∙∙
▒▒∙∙∙∙▒ ▒▒ ▒∙ ▒∙∙▒▒▒▒▒ ∙▒∙▒
▒∙▒▒∙▒∙▒▒▒▒∙∙∙▒▒∙▒ ∙▒∙▒
∙∙∙∙∙∙∙HYYYo∙∙∙∙∙▒ ▒ ∙▒∙▒
▒∙∙∙<∙∙▒▒▒▒▒∙∙▒∙∙▒▒∙▒ ∙▒∙▒
∙▒∙∙∙∙∙▒ ▒▒∙∙∙∙∙∙∙▒ ∙▒∙▒
▒∙▒∙∙∙∙∙ ▒∙∙∙∙▒▒▒▒ ∙▒∙▒ ▒∙▒∙∙∙∙
▒∙∙∙∙▒ ∙▒∙▒▒▒▒▒∙▒▒▒▒∙▒ ▒▒∙∙∙▒
∙▒∙▒∙∙∙∙∙▒▒▒▒∙▒▒▒▒▒▒▒▒▒∙∙∙▒▒▒▒▒
∙▒∙▒∙∙∙∙∙∙∙∙∙∙∙∙∙∙∙∙∙∙∙∙∙∙∙∙∙∙▒
∙∙∙'∙∙∙∙∙▒ ▒∙▒▒∙∙∙^∙∙∙)>∙∙∙∙∙∙


You could see 3 yaks and an orc.

Vanquished Creatures
  Sigmund (D:3)
  The ghost of Paps the Shield-Bearer, an amateur GrFi (D:3)
  Jessica (D:3)
  Terence (D:2)
  Natasha (twice) (D:3)
  Robin (D:3)
  4 gnolls (D:2)
  2 adders (D:2)
  3 oozes
  A worm (D:2)
  A dart slug (D:2)
  3 leopard geckos
  5 orcs
  4 giant cockroaches
  21 goblins
  8 hobgoblins
  10 jackals
  4 ball pythons
  9 bats
  3 frilled lizards
  11 kobolds
  7 rats
103 creatures vanquished.

Vanquished Creatures (others)
  A bat (D:3)
1 creature vanquished.

Grand Total: 104 creatures vanquished

Notes
Turn   | Place    | Note
-------+----------+-------------------------------------------
     0 | D:1      | bgiannan the Minotaur Fighter began the quest for the Orb.
     0 | D:1      | Reached XP level 1. HP: 19/19 MP: 0/0
    72 | D:1      | Reached skill level 4 in Fighting
   366 | D:1      | Reached XP level 2. HP: 27/27 MP: 1/1
   617 | D:1      | Reached XP level 3. HP: 33/34 MP: 2/2
   973 | D:2      | Found a radiant altar of Vehumet.
   975 | D:2      | Noticed Terence
   981 | D:2      | Killed Terence
   981 | D:2      | Reached skill level 5 in Fighting
   981 | D:2      | Reached XP level 4. HP: 34/42 MP: 3/3
  1503 | D:2      | Reached XP level 5. HP: 36/49 MP: 4/4
  1761 | D:3      | Noticed Sigmund
  1820 | D:3      | Killed Sigmund
  1820 | D:3      | Reached skill level 6 in Fighting
  1820 | D:3      | Reached skill level 5 in Axes
  1820 | D:3      | Reached XP level 6. HP: 45/58 MP: 5/5
  1859 | D:3      | Noticed Paps's ghost (amateur GrFi)
  1865 | D:3      | Noticed Natasha
  2061 | D:3      | HP: 2/58 [Paps's ghost (7)]
  2064 | D:3      | Killed Paps's ghost
  2064 | D:3      | Reached skill level 7 in Fighting
  2363 | D:3      | Found a shattered altar of Ashenzari.
  2371 | D:3      | Noticed Jessica
  2377 | D:3      | Killed Natasha
  2380 | D:3      | Killed Jessica
  2406 | D:3      | Noticed Robin
  2426 | D:3      | Killed Robin
  2567 | D:3      | Noticed Natasha
  2577 | D:3      | Killed Natasha
  2577 | D:3      | Reached XP level 7. HP: 47/66 MP: 6/6
  2671 | D:4      | Noticed a yak
  2675 | D:4      | Noticed a yak
  2676 | D:4      | Noticed a yak
  2696 | D:4      | Slain by a yak

Skill      XL: |  1  2  3  4  5  6 |
---------------+-------------------+-----
Fighting       | 4 5 6 7 |  7.6
Axes           | 3 4 5 6 |  6.4
Armour         | |  3.6
Shields        | |  3.6

Action                   |  1- 3 |  4- 6 |  7- 9 || total
-------------------------+-------+-------+-------++-------
Melee: War axe           |    83 |   168 |    15 ||   266
       Headbutt          |    12 |    23 |     3 ||    38
  Use: Scroll            |     4 |     2 |       ||     6
       Potion            |     1 |     8 |       ||     9
  Eat: Chunk             |       |     4 |     1 ||     5
       Pizza             |       |     1 |       ||     1
Armor: Scale mail        |    21 |       |       ||    21
       Chain mail        |    26 |    80 |     8 ||   114
       Skin              |       |    30 |       ||    30
Dodge: Dodged            |    15 |    43 |     3 ||    61
Block: Shield            |    53 |    94 |    11 ||   158
